 Dungeon Crawl Stone Soup version 0.19.1-1-g22dce08 (webtiles) character file.

48 Inchmeat the Sneak (level 3, 0/16 HPs)
             Began as a Vine Stalker Enchanter on Jan 2, 2017.
             Succumbed to an adder's poison
             ... on level 2 of the Dungeon.
             The game lasted 00:04:16 (1570 turns).

Inchmeat the Sneak (Vine Stalker Enchanter)         Turns: 1570, Time: 00:04:17

Health: 0/16       AC:  3    Str: 10    XL:     3   Next: 72%
Magic:  5/7        EV: 12    Int: 15    God:
Gold:   70         SH:  0    Dex: 15    Spells: 1 memorised, 5 levels left

rFire  . . .     SeeInvis .     a - +1 dagger
rCold  . . .     Gourm    .     b - +1 robe
rNeg   . . .     Faith    .     (no shield)
rPois  .         Spirit   +     (no helmet)
rElec  .         Reflect  .     (no cloak)
rCorr  .         Harm     .     (no gloves)
MR     .....                    (no boots)
Stlth  +++.......               (no amulet)
                                (no ring)
                                (no ring)

@: lethally poisoned (0 -> -8)
A: fangs 2, magic shield, antimagic bite, no device heal 3, rot immunity
a: no special abilities


You were on level 2 of the Dungeon.
You were not hungry.

You visited 1 branch of the dungeon, and saw 2 of its levels.

You collected 70 gold pieces.

Inventory:

Hand Weapons
 a - a +1 dagger (weapon)
 i - a +0 spear of flaming
Armour
 b - a +1 robe (worn)
Jewellery
 h - an uncursed ring of protection from fire {unknown}
Scrolls
 f - 2 scrolls of identify {unknown}
Books
 c - a book of Maledictions

   Spells                             Type                      Level
   a - Corona                         Hexes                        1
   b - Ensorcelled Hibernation        Hexes/Ice                    2
   c - Confuse                        Hexes                        3
   d - Tukima's Dance                 Hexes                        3
   e - Dazzling Spray                 Conjuration/Hexes            3
Comestibles
 d - a bread ration
 j - a meat ration
 k - a chunk of flesh


   Skills:
 * Level 1.1 Short Blades
 - Level 1.5 Dodging
 * Level 5.4 Stealth
 - Level 2.2 Spellcasting
 - Level 3.1 Hexes


You had 5 spell levels left.
You knew the following spells:

 Your Spells              Type           Power        Failure   Level  Hunger
a - Corona                Hex            ##.....      8%          1    #......


Dungeon Overview and Level Annotations

Branches:
Dungeon (2/15)

Altars:


Innate Abilities, Weirdness & Mutations

You have extremely sharp teeth.
When hurt, damage is shared between your health and your magic reserves.
Your bite disrupts and absorbs the magic of your enemies.
Potions and wands cannot restore your health.
You are immune to rotting.


Message History

The adder is almost dead.
You feel sick. The adder bites you.
* * * LOW HITPOINT WARNING * * *
You are lethally poisoned!
The adder poisons you!
You miss the adder. You bite the adder. You drain its power.
You feel invigorated.
You kill the adder!
It was a potion of cancellation.
You feel magically purged.
* * * LOW HITPOINT WARNING * * *
You feel sick.
It was a potion of cure mutation.
It has a very clean taste.
* * * LOW HITPOINT WARNING * * *
You feel sick.
* * * LOW HITPOINT WARNING * * *
You feel sick.
There is an open door here.
* * * LOW HITPOINT WARNING * * *
You feel sick.
You die...

# #.# #.##.. (.# #....# ##+#
#.# ####.. ##...# #.#
######.. #.....# ##.#
......... .......## ##..#
#######..
........####...###########...
........'...@................
......†.####....##########...
.......## ##..## #.....
#.....# ##.# #(#### ##...#
#.# #.# ##+# #.# ####.####
#.# #........ #.# #.##.###.
#.# #.##.# #.


There were no monsters in sight!

Vanquished Creatures
  A gnoll (D:1)
  An adder (D:2)
  A worm (D:2)
  A giant cockroach (D:2)
  7 goblins (D:1)
  4 hobgoblins (D:1)
  5 kobolds
  2 bats (D:1)
  A frilled lizard (D:1)
  2 rats
25 creatures vanquished.

Notes
Turn   | Place    | Note
-------+----------+-------------------------------------------
     0 | D:1      | Inchmeat the Vine Stalker Enchanter began the quest for the Orb.
     0 | D:1      | Reached XP level 1. HP: 9/9 MP: 4/4
    74 | D:1      | Reached skill level 1 in Short Blades
   429 | D:1      | Reached skill level 4 in Stealth
   429 | D:1      | Reached XP level 2. HP: 13/13 MP: 6/6
   847 | D:1      | Reached XP level 3. HP: 12/16 MP: 5/7
  1163 | D:1      | Reached skill level 5 in Stealth
  1570 | D:2      | Succumbed to an adder's poison

Skill      XL: |  1  2  3 |
---------------+----------+-----
Short Blades   | 1 |  1.1
Stealth        | 4 5 |  5.4
Dodging        | |  1.5
Spellcasting   | |  2.2
Hexes          | |  3.1

Action                   || total
-------------------------++-------
Melee: Dagger            ||    81
       Bite              ||    19
  Use: Potion            ||     2
 Stab: Sleeping          ||     7
  Eat: Chunk             ||     2
Armor: Robe              ||    15
Dodge: Dodged            ||    41
